 Dungeon Sprint DCSS version 0.15-a0-1403-g2cecdf4 (webtiles) character file.

564 PolkaDot the Unseen (level 7, 0/46 HPs)
             Began as a Vampire Enchanter on June 11, 2014.
             Slain by a deep troll (14 damage)
             ... in the Dungeon (Sprint I: "Red Sonja").
             The game lasted 00:03:39 (406 turns).

PolkaDot the Unseen (Vampire Enchanter)              Turns: 406, Time: 00:03:39

HP   0/46        AC  4     Str  7      XL: 7   Next: 10%
MP   9/12        EV 12     Int 19      God:
Gold 214         SH  0     Dex 14      Spells:  4 memorised,  1 level left

rFire  . . .     SeeInvis +     a - +1 dagger
rCold  . . .     Clarity  .     l - +1 robe
rNeg   + . .     rCorr    .     (no shield)
rPois  .         rRot     .     k - +1 hat
rElec  .         Spirit   .     (no cloak)
SustAb .         Warding  .     (no gloves)
rMut   .         NoTele   +     (no boots)
Gourm  .                        (no amulet)
MR     .....                    (no ring)
                                (no ring)

@: not resistant to hostile enchantments, extraordinarily stealthy
A: bottle blood, fangs 3, see invisible, unbreathing
a: Bat Form, Bottle Blood


You were in the Dungeon.
You were not thirsty.

You visited 1 branch You collected 313 gold pieces.
You spent 99 gold pieces at shops.

Inventory:

Hand weapons
 a - a +1,+1 dagger (weapon)
 b - a +4 blowgun
Missiles
 m - 8 curare-tipped needles
Armour
 k - a +1 hat (worn)
 l - a +1 robe (worn)
Scrolls
 j - a scroll of blinking
Potions
 d - a potion of blood {@w2}
 e - a potion of curing
 g - a potion of haste
 h - 2 potions of magic
 i - a potion of berserk rage
Books
 c - a book of Maledictions

   Spells                             Type                      Level
   *Corona                            Hexes                        1
   Sure Blade                         Hexes/Charms                 2
   *Ensorcelled Hibernation           Hexes/Ice                    2
   *Confuse                           Hexes                        3
   *Dazzling Spray                    Conjuration/Hexes            3
   Enslavement                        Hexes                        4


   Skills:
 + Level 1.1 Short Blades
 - Level 2.1 Dodging
 + Level 18.1 Stealth
 - Level 2.0 Spellcasting
 * Level 12.9 Hexes


You had one spell level left.
You knew the following spells:

 Your Spells              Type           Power        Failure   Level  Hunger
a - Corona                Hex            ######.      1%          1    #......
c - Confuse               Hex            ######..     1%          3    ####...
d - Ensorcelled Hibernat  Hex/Ice        ####..       1%          2    ##.....
s - Dazzling Spray        Conj/Hex       ####....     4%          3    ####...


Dungeon Overview and Level Annotations

Branches:
Dungeon (1/1)

Altars:
Elyvilon
Gozag
Kikubaaqudgha
Makhleb
Nemelex Xobeh
Okawaru
Qazlal
Sif Muna
Trog
Vehumet
Xom
Yredelemnul
Zin
The Shining One

Shops:
D [


Innate Abilities, Weirdness & Mutations

You can bottle blood from corpses.
You have razor-sharp teeth.*
You have supernaturally acute eyesight.
You can survive without breathing.*


Message History

You see here 27 gold pieces.
The deep troll shouts!
The deep troll completely misses you. The deep troll claws you!
The deep troll claws you!
You see here 27 gold pieces.
You see here 27 gold pieces.
There is an open door here.
Drink which item? (? for menu, Esc to quit)
You feel much better. The deep troll bites you!
The deep troll barely misses you. The deep troll closely misses you.
Casting: Confuse
Confirm with . or Enter, or press ? or * to list all spells.
Aiming: Dazzling Spray
Press: ? - help, Shift-Dir - straight line, f - deep troll
Aim: a deep troll The spray of energy hits the deep troll.
The deep troll is lightly wounded.
The deep troll is dazzled.
The deep troll bites you! The deep troll claws you! The deep troll claws you!
You die...

#..#####'#####'#
#..####..#...#.#
#..#__####).##%#
#..#_..._##'#..+
#⌠⌠#_.∩..%'..._#
####_..._##_.#'#
#_____###'#.#
#########.####+###
+...@T$.$$+
#...####### ##.##
#+#


You could see a deep troll (blind).

Vanquished Creatures
  Sonja (D)
  A yak (D)
  An ogre (D)
  Sigmund (D)
  A jelly (D)
  Ijyb (D)
6 creatures vanquished.

Notes
Turn   | Place    | Note
--------------------------------------------------------------
     0 | D        | PolkaDot, the Vampire Enchanter, began the quest for the Orb.
     0 | D        | Reached XP level 1. HP: 13/13 MP: 3/3
     2 | D        | Noticed Ijyb
    21 | D        | Killed Ijyb
    21 | D        | Reached skill level 9 in Stealth
    21 | D        | Reached XP level 2. HP: 14/19 MP: 4/4
    98 | D        | Noticed an ogre
   100 | D        | Killed an ogre
   100 | D        | Reached skill level 13 in Stealth
   100 | D        | Reached XP level 3. HP: 24/24 MP: 6/6
   100 | D        | Reached XP level 4. HP: 30/30 MP: 7/7
   113 | D        | Learned a level 2 spell: Ensorcelled Hibernation
   117 | D        | Learned a level 3 spell: Dazzling Spray
   121 | D        | Noticed Sigmund
   123 | D        | Killed Sigmund
   123 | D        | Reached skill level 16 in Stealth
   123 | D        | Reached XP level 5. HP: 35/35 MP: 9/9
   135 | D        | Found a deep blue altar of Sif Muna.
   136 | D        | Noticed a jelly
   137 | D        | Found a radiant altar of Vehumet.
   141 | D        | Killed a jelly
   144 | D        | Found Pnoh's Armour Emporium.
   144 | D        | Found a white marble altar of Elyvilon.
   144 | D        | Found a stormy altar of Qazlal.
   144 | D        | Found a burning altar of Makhleb.
   144 | D        | Found a basalt altar of Yredelemnul.
   144 | D        | Found a glowing golden altar of the Shining One.
   144 | D        | Found a sparkling altar of Nemelex Xobeh.
   144 | D        | Found a shimmering altar of Xom.
   144 | D        | Found an opulent altar of Gozag.
   144 | D        | Found an ancient bone altar of Kikubaaqudgha.
   144 | D        | Found a glowing silver altar of Zin.
   144 | D        | Noticed a yak
   145 | D        | Found an iron altar of Okawaru.
   146 | D        | Killed a yak
   146 | D        | Reached skill level 17 in Stealth
   146 | D        | Reached skill level 10 in Hexes
   146 | D        | Reached XP level 6. HP: 41/41 MP: 10/10
   147 | D        | Found a bloodstained altar of Trog.
   151 | D        | Bought a +1 hat for 99 gold pieces
   204 | D        | Learned a level 3 spell: Confuse
   205 | D        | Noticed Sonja
   270 | D        | Killed Sonja
   270 | D        | Reached skill level 18 in Stealth
   270 | D        | Reached XP level 7. HP: 39/46 MP: 8/12
   399 | D        | Noticed a deep troll
   406 | D        | Slain by a deep troll

Action                   |  1- 3 |  4- 6 |  7- 9 || total
-------------------------+-------+-------+-------++-------
Melee: Dagger            |    19 |     4 |       ||    23
 Cast: Confuse           |       |     1 |       ||     1
       Dazzling Spray    |       |       |     1 ||     1
  Use: Potion            |       |       |     1 ||     1
 Stab: Sleeping          |     2 |     3 |       ||     5
       Confused          |       |     1 |       ||     1
